 Dungeon Crawl Stone Soup version 0.30.1-4-g462c640d31 (webtiles) character file.

Game seed: 14262700013950879213

295 arthad the Trooper (level 6, 0/56 HPs)
             Began as a Ghoul Monk on Aug 24, 2023.
             Was an Elder of Jiyva.
             Slain by a lemure (5 damage)
             ... led by Pikel
             ... on level 5 of the Dungeon.
             The game lasted 00:07:25 (2569 turns).

arthad the Trooper (Ghoul Monk)                     Turns: 2569, Time: 00:07:26

Health: 0/56       AC:  3    Str: 23    XL:     6   Next: 34%
Magic:  5/5        EV: 12    Int:  5    God:    Jiyva [****..]
Gold:   100        SH:  0    Dex: 11    Spells: 5/5 levels left

rFire   . .          .
                       - Unarmed
rCold   + . .        c - orb {light}
rNeg    + + +        a - +0 robe
rPois   ∞            (no helmet)
rElec   .            e - +0 cloak
rCorr   +            (no gloves)
SInv    .            (no boots)
Will    .....        (no amulet)
Stlth   +            k - +6 ring of strength
HPRegen 1.28/turn    (no ring)
MPRegen 0.49/turn

%: no passive effects
@: inhibited regen, glowing
A: claws 1, cold resistance 1, negative energy resistance 3, inhibited
regeneration, torment resistance 2, devour on kill
a: Renounce Religion, Oozemancy, Slimify


You were on level 5 of the Dungeon.
You worshipped Jiyva.
Jiyva was greatly pleased with you.
You visited 1 branch of the dungeon, and saw 5 of its levels.

You collected 100 gold pieces.

Inventory:

Armour
 a - a +0 robe (worn)
 c - an orb of light (worn)
 e - a +0 cloak (worn)
Jewellery
 k - a +6 ring of strength (left claw)
Wands
 f - a wand of digging (8)
Potions
 b - a potion of ambrosia
 g - a potion of brilliance
 h - a potion of might {unknown}
 j - a potion of curing {unknown}
 l - a potion of haste


   Skills:
 * Level 5.1 Fighting
 + Level 2.0 Armour
 + Level 3.4 Dodging
 * Level 5.1 Unarmed Combat


You had 5 spell levels left.
You didn't know any spells.
Your spell library was empty.

Dungeon Overview and Level Annotations

Branches:
Dungeon (5/15)             Temple (0/1) D:4

Altars:
Ashenzari
Fedhas
Gozag
Sif Muna
Vehumet
Jiyva

Shops:
D:4 [


Innate Abilities, Weirdness & Mutations

You are immune to poison.
You have sharp fingernails.
Your flesh is cold resistant. (rC+)
You are immune to negative energy. (rN+++)
You do not regenerate when monsters are visible.
You are immune to unholy pain and torment.
You thrive by killing the living.


Message History

* * * LOW HITPOINT WARNING * * *
You scratch the lemure but do no damage.
The lemure is heavily wounded.
The lemure hits you.
* * * LOW HITPOINT WARNING * * *
You scratch the lemure but do no damage.
The lemure is heavily wounded.
The lemure closely misses you.
You scratch the lemure.
The lemure is heavily wounded.
The lemure hits you.
* * * LOW HITPOINT WARNING * * *
You scratch the lemure.
The lemure is severely wounded.
The lemure closely misses you.
You barely miss the lemure.
The lemure is severely wounded.
The lemure closely misses you.
You claw the lemure!
The lemure is almost dead.
The lemure hits you.
* * * LOW HITPOINT WARNING * * *
You scratch the lemure but do no damage.
The lemure is almost dead.
The lemure hits you.
* * * LOW HITPOINT WARNING * * *
You barely miss the lemure.
The lemure is severely wounded.
You hear a distant slurping noise.
You scratch the lemure.
The lemure is almost dead.
The lemure hits you!
* * * LOW HITPOINT WARNING * * *
You scratch the lemure but do no damage.
The lemure is almost dead.
The lemure closely misses you.
You closely miss the lemure.
The lemure is almost dead.
The lemure hits you.
You die...

...K.### #....
#...###..# #.......#
♣. ...
.#.####.##...##
.♣...#.
...[....####..####
......
..##...#.####....##
.#...
.....#..#.######..###
.[.#
#######....5#####...#
..### #####.@.#
###.##....# ##...#
#....# ##..# ###..#
## #.# ###..##..# #.#
#........# #.#
#........##
#..###.........#
#.....#######..
##.............


You could see a lemure.

Vanquished Creatures
  Duvessa (D:4)
  An ogre (D:5)
  Dowan (D:4)
  A sleepcap (D:5)
  Natasha (D:4)
  An iguana (D:4)
  An adder (D:3)
  2 worms
  2 dart slugs
  3 orcs
  3 bats
  3 giant cockroaches
  2 goblins
  2 hobgoblins (D:4)
  A quokka (D:5)
  A ball python (D:3)
  2 frilled lizards (D:1)
  6 kobolds
  3 rats
37 creatures vanquished.

Vanquished Creatures (others)
  3 lemures (D:5)
  3 jellies (D:4)
  An orc wizard (D:3)
  Natasha (twice) (D:4)
  Robin (D:4)
  2 adders
  3 orcs
  2 ball pythons (D:4)
  A bat (D:3)
  3 endoplasms
  A giant cockroach (D:3)
  9 goblins
  3 hobgoblins
  4 jackals (D:4)
  5 kobolds
  A quokka (D:1)
44 creatures vanquished.

Grand Total: 81 creatures vanquished

Notes
Turn   | Place    | Note
-------+----------+-------------------------------------------
     0 | D:1      | arthad the Ghoul Monk began the quest for the Orb.
     0 | D:1      | Reached XP level 1. HP: 19/19 MP: 0/0
    18 | D:1      | Found a faded altar of an unknown god.
    26 | D:1      | Prayed at the altar of an unknown god.
    26 | D:1      | Became a worshipper of Jiyva Jygyniob the Shapeless
    26 | D:1      | Reached * piety under Jiyva
    26 | D:1      | Reached ** piety under Jiyva
   118 | D:1      | Reached XP level 2. HP: 26/26 MP: 1/1
   161 | D:1      | Reached *** piety under Jiyva
   593 | D:2      | Found a shimmering blue altar of Sif Muna.
  1222 | D:3      | Found a broken altar of Ashenzari.
  1347 | D:3      | Reached **** piety under Jiyva
  1393 | D:3      | Reached XP level 3. HP: 31/33 MP: 2/2
  1397 | D:3      | Found an opulent altar of Gozag.
  1853 | D:3      | Reached skill level 1 in Armour
  1936 | D:4      | Found a blossoming altar of Fedhas.
  1937 | D:4      | Noticed Natasha
  1946 | D:4      | Killed Natasha
  1947 | D:4      | Reached XP level 4. HP: 34/40 MP: 3/3
  1960 | D:4      | Found a radiant altar of Vehumet.
  1960 | D:4      | Noticed Dowan
  1960 | D:4      | Noticed Duvessa
  1979 | D:4      | Killed Robin
  1991 | D:4      | Killed Dowan
  1992 | D:4      | Reached XP level 5. HP: 47/47 MP: 4/4
  2104 | D:4      | Killed Duvessa
  2117 | D:4      | Found Loih's Armour Boutique.
  2153 | D:4      | Killed Natasha
  2167 | D:4      | Found a staircase to the Ecumenical Temple.
  2186 | D:4      | Killed Natasha
  2474 | D:5      | Entered Level 5 of the Dungeon
  2523 | D:5      | Noticed a lemure
  2523 | D:5      | Noticed an ogre
  2523 | D:5      | Noticed a lemure
  2524 | D:5      | Noticed Pikel
  2524 | D:5      | Noticed a lemure
  2524 | D:5      | Noticed a lemure
  2535 | D:5      | Killed an ogre
  2536 | D:5      | Reached skill level 5 in Fighting
  2536 | D:5      | Reached skill level 5 in Unarmed Combat
  2536 | D:5      | Reached XP level 6. HP: 47/56 MP: 5/5
  2538 | D:5      | Slimified Pikel
  2538 | D:5      | Pikel changed into Pikel the slime creature
  2538 | D:5      | Noticed Pikel
  2569 | D:5      | Slain by a lemure

Illustrated notes

Levels and vault maps discovered:
D:1:      minmay_arrival_four_circles, layout_basic,
          ebering_ecumenical_altar_sacrificial, feat_on_display
D:2:      layout_basic, basic_altar
D:3:      layout_loops_ring, mainiacjoe_overflow_catwalk,
          ashenzari_conservatory_becter, kennysheep_generic_room_16
D:4:      layout_basic, vehumet_altar_wand_db,
          mainiacjoe_overflow_concentric_impassable,
          minmay_temple_entry_poolview, serial_shops, shop, uniq_duvessa,
          uniq_natasha, uniq_robin
D:5:      layout_rooms, okawaru_trees_2, uniq_pikel, uniq_sigmund

Skill      XL: |  1  2  3  4  5 |
---------------+----------------+-----
Armour         | 1 2 |  2.0
Unarmed Combat | 4 5 |  5.1
Fighting       | 4 5 |  5.1
Dodging        | 3 |  3.4

Action                     |  1- 3 |  4- 6 || total
---------------------------+-------+-------++-------
  Melee: Unarmed           |    74 |    64 ||   138
 Invoke: Slimify           |       |     1 ||     1
  Evoke: Wand              |       |    23 ||    23
    Use: Scroll            |       |     4 ||     4
         Potion            |       |     1 ||     1
 Armour: Robe              |    16 |     7 ||    23
  Dodge: Dodged            |    30 |    32 ||    62
